 Dungeon Crawl Stone Soup version 0.29.1-13-g9f3cf754e1 (webtiles) character file.

Game seed: 9692985051169388567

28 concernfroge the Scratcher (level 2, -8/12 HPs)
             Began as a Felid Transmuter on Jan 28, 2023.
             Mangled by a goblin
             ... wielding a +0 dagger of electrocution
             ... led by Robin
              (11 damage)
             ... on level 3 of the Dungeon.
             The game lasted 00:02:41 (1254 turns).

concernfroge the Scratcher (Felid Transmuter)       Turns: 1254, Time: 00:02:43

Health: -8/12      AC:  1    Str:  6    XL:     2   Next: 96%
Magic:  3/6        EV: 18    Int: 14    God:
Gold:   145        SH:  0    Dex: 16    Spells: 2/5 levels left
                                        Lives:  0   Deaths: 0

rFire   . . .      SeeInvis +     - Unarmed
rCold   . . .      Faith    .   (shield unavailable)
rNeg    . . .      Spirit   .   (body armour unavailable)
rPois   .          Reflect  .   (helmet unavailable)
rElec   .          Harm     .   (cloak unavailable)
rCorr   .          Rampage  .   (gloves unavailable)
Will    .....                   (boots unavailable)
Stlth   ++........              (no amulet)
HPRegen 0.04/turn               (no ring)
MPRegen 0.10/turn               (no ring)

@: appendages (expiring), wereblooded, quick
A: horns 2, very small, claws 1, fangs 3, see invisible, speed 1, shaggy fur 1,
stealthy paws, no weapons or thrown items, no armour, multi-lived
a: End Transformation


You were on level 3 of the Dungeon.
You had temporarily grown beastly horns.
You visited 1 branch of the dungeon, and saw 3 of its levels.

You collected 145 gold pieces.

Inventory:

Scrolls
 a - 2 scrolls of identify {unknown}
 b - a scroll of teleportation {unknown}
 c - a scroll of noise {unknown}
 f - a scroll of enchant armour {unknown}
 j - 2 scrolls of blinking {unknown}
 k - a scroll of amnesia {unknown}
 l - a scroll of fog {unknown}
Potions
 d - a potion of curing {unknown}
 e - a potion of flight {unknown}
 g - a potion of might {unknown}
 h - a potion of attraction {unknown}
 i - a potion of berserk rage {unknown}
 m - a potion of mutation {unknown}


   Skills:
 - Level 1.0 Fighting
 + Level 3.2 Dodging
 + Level 1.8 Stealth
 + Level 3.3 Unarmed Combat
 - Level 2.0 Spellcasting
 + Level 2.6 Transmutations


You had 2 spell levels left.
You knew the following spells:

 Your Spells              Type           Power      Damage    Failure   Level
a - Beastly Appendage     Tmut           16%        N/A       9%          1
b - Wereblood             Tmut           8%         N/A       12%         2

Your spell library contained the following spells:

 Spells                   Type           Power      Damage    Failure   Level
 Spider Form              Tmut/Pois      5%         N/A       38%         3
 Ice Form                 Ice/Tmut       5%         N/A       80%         4


Dungeon Overview and Level Annotations

Branches:
Dungeon (3/15)

Altars:

Shops:
D:3 ?

Annotations:
D:3 Robin


Innate Abilities, Weirdness & Mutations

You have temporarily grown beastly horns.
You have sharp claws.
You have razor-sharp teeth.
You have supernaturally acute eyesight. (SInv)
You cover ground quickly. (Speed+)
You are covered in fur. (AC +1)
Your paws help you pounce on unaware monsters.
You are incapable of wielding weapons or throwing items.
You cannot wear armour.
You gain extra lives every three experience levels.


Message History

You kill the bat!
An adder comes into view.
A goblin comes into view. It is wielding a +0 dagger.
Robin and a hobgoblin come into view.
Robin throws the goblin at you!
You see here a bat corpse.
The goblin shouts! x2; You hear a shout! x3
The goblin misses you.
There is an escape hatch in the ceiling here.
Casting: Beastly Appendage (safe; 9% risk of failure)
Confirm with . or Enter, or press ? or * to list all spells.
Your blood is infused with primal strength.
The goblin barely misses you.
Robin roars a battlecry!
Casting: Wereblood (safe; 13% risk of failure)
Confirm with . or Enter, or press ? or * to list all spells.
You grow a pair of large bovine horns.
A goblin comes into view. It is wielding a +0 club.
You scratch the goblin.
You feel a bit better.
You kill the goblin!
The goblin misses you.
You claw the goblin!
You kill the goblin!
You closely miss the goblin. You headbutt the goblin.
You kill the goblin!
You howl as the wereblood boils in your veins!
Your transformation is almost over.
You hear a shout!
You scratch the goblin.
You kill the goblin!
You howl as the wereblood boils in your veins!
Robin throws the goblin at you! The goblin barely misses you.
You scratch the goblin.
The goblin is heavily wounded.
The goblin hits you with a +0 dagger of electrocution.
Ouch! That really hurt!
* * * LOW HITPOINT WARNING * * *
You are electrocuted!
Ouch! That really hurt!
You die...

...####+#.................
........+.................
...####.#..........g.....g
.....# ##+#.#....†......g
.....# +.#....g.......
....... ###......g.....
........ #...8..........
......... #...g##.###....
......... +.8.∩@8........
... #....##........ .....
......8.......... ....
......... ...... ...#
########.#### ....
...+....... #. ..
...##....# #. . .........#
.........# ..


You could see Robin and a goblin (strong).

Vanquished Creatures
  3 ball pythons (D:1)
  2 endoplasms (D:1)
  2 giant cockroaches
  5 goblins
  2 hobgoblins
  A quokka (D:1)
  3 bats
  3 kobolds
  3 rats
24 creatures vanquished.

Notes
Turn   | Place    | Note
-------+----------+-------------------------------------------
     0 | D:1      | concernfroge the Felid Transmuter began the quest for the
                  | Orb.
     0 | D:1      | Reached XP level 1. HP: 9/9 MP: 4/4
   165 | D:1      | Reached skill level 1 in Stealth
   420 | D:1      | Reached XP level 2. HP: 11/12 MP: 4/6
   427 | D:1      | Learned a level 2 spell: Wereblood
  1234 | D:3      | Found Tudaq's Magic Scroll Shoppe.
  1241 | D:3      | Noticed Robin
  1254 | D:3      | Mangled by a goblin

Illustrated notes

Levels and vault maps discovered:
D:1:      dpeg_arrival_simpleton_c, layout_rooms
D:2:      layout_rooms, ebering_ecumenical_altar_sacrificial,
          kennysheep_nondescript, minmay_pentomino_r2
D:3:      layout_basic, serial_shops, nicolae_shop_statue_plus,
          nicolae_shop_behind_doors, nicolae_shop_statue_plus, uniq_jessica,
          uniq_robin

Skill      XL: |  1 |
---------------+----+-----
Stealth        | 1 |  1.8
Dodging        | 3 |  3.2
Fighting       | |  1.0
Unarmed Combat | |  3.3
Spellcasting   | |  2.0
Transmutations | |  2.6

Action                   || total
-------------------------++-------
Melee: Unarmed           ||    56
       Headbutt          ||     4
       Bite              ||     5
       Punch             ||     1
 Cast: Beastly Appendage ||     6
       Wereblood         ||     1
  Use: Potion            ||     1
 Stab: Sleeping          ||     3
Armor: Skin              ||     2
Dodge: Dodged            ||    36
